 Dungeon Crawl Stone Soup version 0.19.0 (webtiles) character file.

231 Danakh the Chopper (level 5, 47/47 HPs)
             Began as a Minotaur Fighter on Nov 7, 2016.
             Was an Initiate of Okawaru.
             Got out of the dungeon alive.
             The game lasted 00:03:50 (1241 turns).

Danakh the Chopper (Minotaur Fighter)               Turns: 1241, Time: 00:03:50

Health: 47/47      AC: 14    Str: 21    XL:     5   Next: 73%
Magic:  4/4        EV:  4    Int:  5    God:    Okawaru [......]
Gold:   39         SH:  9    Dex: 10    Spells: 0 memorised, 4 levels left

rFire  . . .     SeeInvis .     a - +0 war axe
rCold  . . .     Gourm    .     n - +0 plate armour
rNeg   . . .     Faith    .     c - +0 shield
rPois  .         Spirit   .     (helmet restricted)
rElec  .         Reflect  .     p - +0 cloak
rCorr  .         Harm     .     m - +0 pair of gloves
MR     .....     Rnd*Tele +     (no boots)
Stlth  ..........               (no amulet)
                                (no ring)
                                g - ring of teleportation (curse)

@: no status effects
A: retaliatory headbutt, horns 2
a: Renounce Religion


You escaped.
You worshipped Okawaru.
Okawaru was noncommittal.
You were not hungry.

You visited 1 branch of the dungeon, and saw 3 of its levels.

You collected 39 gold pieces.

Inventory:

Hand Weapons
 a - a +0 war axe (weapon)
Armour
 b - a +0 scale mail
 c - a +0 shield (worn)
 m - a +0 pair of gloves (worn)
 n - a +0 plate armour (worn)
 p - a +0 cloak (worn)
Jewellery
 g - a cursed ring of teleportation (left hand)
Scrolls
 h - 2 scrolls of enchant armour {unknown}
 i - a scroll of magic mapping {unknown}
 j - a scroll of remove curse {unknown}
 k - a scroll of identify {unknown}
Potions
 d - a potion of might
 e - 2 potions of brilliance {unknown}
 l - 2 potions of mutation {unknown}
 q - a potion of haste {unknown}
 r - a potion of agility {unknown}
Comestibles
 f - 2 bread rations
 o - a beef jerky


   Skills:
 + Level 4.4 Fighting
 * Level 5.0 Axes
 + Level 4.8 Armour
 + Level 4.8 Shields


You had 4 spell levels left.
You didn't know any spells.

Dungeon Overview and Level Annotations

Branches:
Dungeon (3/15)

Altars:
Cheibriados
Okawaru
The Shining One


Innate Abilities, Weirdness & Mutations

You reflexively headbutt those who attack you in melee.
You have a pair of horns on your head.


Message History

No target in view!
No target in view!
No target in view!
No target in view!
Search for what [? for help]?
Okay, then.
(D) Dungeon
Where to? (Enter - D:1, ? - help)
There is a stone staircase leading up here.
You climb upwards.
There is a stone staircase leading down here.
There is a stone staircase leading up here.
You climb upwards.
There is a stone staircase leading down here.
There is an escape hatch in the floor here.
There is a staircase leading out of the dungeon here.
Are you sure you want to leave the Dungeon?
This will make you lose the game! [Y]es or [N]o only, please.
Are you sure you want to leave the Dungeon?
This will make you lose the game!
You have escaped!

#.#.....#.#
#.........#
#.........#
#.#.....#.#
#.........#
#.........#
#.#.....#.#
#...(.....#
#....@....#
###########


There were no monsters in sight!

Vanquished Creatures
  Sigmund (D:2)
  An adder (D:2)
  2 oozes
  2 worms (D:2)
  3 dart slugs (D:2)
  3 leopard geckos
  2 ball pythons
  3 goblins
  7 hobgoblins
  3 jackals (D:1)
  A quokka (D:2)
  4 bats
  2 frilled lizards
  4 kobolds
  9 rats
47 creatures vanquished.

Notes
Turn   | Place    | Note
-------+----------+-------------------------------------------
     0 | D:1      | Danakh the Minotaur Fighter began the quest for the Orb.
     0 | D:1      | Reached XP level 1. HP: 19/19 MP: 0/0
    79 | D:1      | Reached skill level 3 in Axes
   129 | D:1      | Reached XP level 2. HP: 26/26 MP: 1/1
   430 | D:2      | Reached XP level 3. HP: 28/33 MP: 2/2
   620 | D:2      | Reached XP level 4. HP: 36/40 MP: 3/3
   660 | D:2      | Found a glowing golden altar of the Shining One.
   663 | D:2      | Found a snail-covered altar of Cheibriados.
   669 | D:2      | Found an iron altar of Okawaru.
   669 | D:2      | Noticed Sigmund
   678 | D:2      | Killed Sigmund
   678 | D:2      | Reached skill level 5 in Axes
   678 | D:2      | Reached XP level 5. HP: 34/47 MP: 4/4
   683 | D:2      | Became a worshipper of Warmaster Okawaru
  1241 | D:$      | Got out of the dungeon alive.

Skill      XL: |  1  2  3  4 |
---------------+-------------+-----
Axes           | 3 5 |  5.0
Armour         | 4 |  4.8
Shields        | 4 |  4.8
Fighting       | 4 |  4.4

Action                   |  1- 3 |  4- 6 || total
-------------------------+-------+-------++-------
Melee: War axe           |    84 |    25 ||   109
       Headbutt          |    18 |     2 ||    20
  Eat: Chunk             |       |     1 ||     1
Armor: Scale mail        |    44 |       ||    44
       Plate armour      |     3 |    14 ||    17
Dodge: Dodged            |    38 |     1 ||    39
Block: Shield            |    51 |    10 ||    61
